[Event "*** Titled Tuesday Blitz"]
[Site "Chess.com"]
[Date "2021.04.06"]
[Round "7"]
[White "ehrenfeld"]
[Black "Kotofeyca"]
[Result "1-0"]
[WhiteElo "2537"]
[BlackElo "2389"]
[TimeControl "180+1"]
[EndTime "11:19:24 PDT"]
[Termination "ehrenfeld won by resignation"]

1. e4 c5 2. Nf3 d6 3. Bc4 a6 4. Bb3 Nc6 5. c3 Nf6 6. d3 Bg4 7. h3 Bh5 8. g4 Bg6 9. Nh4 e6 10. Nxg6 hxg6 11. Bf4 d5 12. Qe2 b5 13. e5 Nd7 14.
Nd2 g5 15. Bg3 Qc7 16. Nf3 c4 17. Bc2 cxd3 18. Bxd3 Be7 19. a4 bxa4 20. Bxa6 Nc5 21. Bb5 O-O 22. h4 Rfb8 23. hxg5 Nb3 24. Rxa4 d4 25. Qe4 g6 26. Qxc6 Qxc6 27. Bxc6 Rxa4 28. Bxa4 dxc3 29. bxc3 Nc5 30. Bc2 Rb2 31. Nd4 Ra2 32.
O-O Na4 33. Bxa4 Rxa4 34. f4 Rc4 35. Rf3 Bc5 36. Bf2 Kg7 37. Rd3 Kf8 38. Kg2 Be7 39.
Kf3 Ra4 40. Be3 Ra1 41. c4 Rf1+ 42. Ke2 Ra1 43. Rc3 Ra2+ 44. Kd3 Bc5 45. Nc2 Ra5 46.
Bxc5+ Rxc5 47. Kd4 Rc8 48. c5 Rd8+ 49. Ke4 Ke7 50. c6 Rc8 51. c7 Kd7 52. Nd4 Rxc7 53. Rxc7+ Kxc7 54. Kd3 Kd7 55. Kc4 Kc7 56. Kc5 Kd7 57. Nb5 Ke7 58. Kc6 Ke8 59. Kc7 Ke7 60. Nd6 Kf8 61. Kd7 Kg7 62. Ke7 Kg8 63. Nxf7 Kg7 64. Kxe6 1-0

[Event "*** Titled Tuesday Blitz"]
[Site "Chess.com"]
[Date "2021.04.06"]
[Round "7"]
[White "nrvisakh"]
[Black "kingnb"]
[Result "1/2-1/2"]
[WhiteElo "2775"]
[BlackElo "2600"]
[TimeControl "180+1"]
[EndTime "11:19:26 PDT"]
[Termination "Game drawn by stalemate"]

1. e4 d5 2. exd5 Nf6 3. Bb5+ Bd7 4. Bc4 Bg4 5. f3 Bf5 6. Nc3 Nbd7 7. Nge2 Nb6 8.
Bb5+ Bd7 9. a4 Nbxd5 10. O-O e6 11. Nxd5 exd5 12. d4 Be7 13. Bd3 O-O 14. c3 c6 15.
Bf4 Be6 16. Ng3 Bd6 17. Be5 Bxe5 18. dxe5 Nd7 19. f4 f5 20. exf6 Nxf6 21. Qc2 Qc7 22. Rae1 Rae8 23. Re5 Bf7 24. Rg5 Kh8 25. Nf5 g6 26. Nh6 Ne4 27. Bxe4 Rxe4 28. f5 Be6 29. Qf2 Qg7 30. Rg4 Qxh6 31. Rxe4 dxe4 32. Qd4+ Qg7 33.
fxe6 Rxf1+ 34. Kxf1 Qxd4 35. cxd4 Kg7 36. Ke2 Kf6 37.
Ke3 Kxe6 38. Kxe4 a5 39. h4 h5 40. Kf4 Kf6 41. g4 b6 42. gxh5 gxh5 43. b3 b5 44. d5 cxd5 45. axb5 Ke6 46. Ke3 Ke5 47. Kd3 d4 48. b6 Kd6 49. Kxd4 Kc6 50. b7 Kxb7 51.
Kc5 Ka6 52. Kc6 a4 53. bxa4 Ka5 54. Kd6 Kxa4 55. Ke6 Kb5 56. Kf6 Kc6 57. Kg6 Kd7 58. Kxh5 Ke7 59. Kg6 Kf8 60. Kh7 Kf7 61. h5 Kf8 62. h6 Kf7 63. Kh8 Kg6 64. h7 Kf7 1/2-1/2

[Event "*** Titled Tuesday Blitz"]
[Site "Chess.com"]
[Date "2021.04.06"]
[Round "7"]
[White "GMHess"]
[Black "Nf3c5"]
[Result "0-1"]
[WhiteElo "2741"]
[BlackElo "2546"]
[TimeControl "180+1"]
[EndTime "11:19:26 PDT"]
[Termination "Nf3c5 won on time"]

1. Nf3 c5 2. c4 g6 3. e3 Nf6 4. d4 cxd4 5. exd4 d5 6. Nc3 Bg7 7. cxd5 Nxd5 8. Qb3 Nb6 9. Bb5+ Bd7 10. O-O O-O 11. a4 Bc6 12. Bxc6 Nxc6 13. a5 Nd7 14.
Qxb7 Nxd4 15. Nxd4 Bxd4 16. Bh6 Re8 17. Rad1 Nc5 18.
Qf3 e5 19. b4 Ne6 20. Nd5 f5 21.
Rc1 e4 22. Qb3 Kh8 23. Rcd1 Qd6 24. Be3 Qe5 25. Bxd4 Nxd4 26. Qc4 Ne6 27. Ne3 Rad8 28. h3 Nf4 29. Qa6 Rxd1 30. Rxd1 Re7 31. Qc8+ Kg7 32. Rd8 Nd3 33. Rg8+ Kh6 34. Qf8+ Kh5 35. g4+ fxg4 36.
hxg4+ Kg5 37. Qf5+ Qxf5 38. gxf5 Rb7 39. fxg6 hxg6 40.
a6 Rxb4 41. Ra8 Rb1+ 42. Kg2 Rb2 43. Rxa7 Rxf2+ 44. Kg1 Ra2 45. Ra8 Ne5 46. Nd5 Nf3+ 47. Kf1 Nh2+ 48. Ke1 Nf3+ 49. Kf1 Nd2+ 50. Ke2 Nc4+ 51.
Ke1 e3 52. Nc3 Ra3 53. Ne4+ Kf4 54. Nc5 Kf3 0-1

[Event "*** Titled Tuesday Blitz"]
[Site "Chess.com"]
[Date "2021.04.06"]
[Round "7"]
[White "noblerone"]
[Black "lagedema"]
[Result "1-0"]
[WhiteElo "2394"]
[BlackElo "2572"]
[TimeControl "180+1"]
[EndTime "11:19:26 PDT"]
[Termination "noblerone won by resignation"]

1. d4 d5 2. Nf3 c6 3. c3 Nf6 4. Bg5 Bf5 5. Qb3 Qb6 6. Nbd2 Nbd7 7. e3 e6 8. Bh4 Be7 9. Be2 O-O 10. O-O Rfe8 11. c4 Qxb3 12. axb3 a6 13. c5 Bd8 14. b4 Bc7 15. Bg3 Bxg3 16. hxg3 Ne4 17. Nxe4 Bxe4 18.
Nd2 Bg6 19. f4 f6 20. Bg4 h5 21. Bf3 e5 22. Kf2 exd4 23. exd4 Nf8 24. Rac1 Ne6 25.
Nb3 Bd3 26. Rfe1 g6 27. Red1 Bf5 28. Re1 Kf7 29. Re3 Rab8 30. Rd1 Bc2 31. Rd2 Bxb3 32. Rxb3 f5 33. Re3 Nf8 34. Re5 Nd7 35. Rxe8 Rxe8 36.
Rd1 Ra8 37. Ra1 Nf8 38. Ra2 Ne6 39. Ke3 Re8 40. Kd3 h4 41. gxh4 Nxf4+ 42. Kd2 Ne6 43.
Kd3 Rh8 44. g3 f4 45. b5 fxg3 46. bxc6 bxc6 47. Rxa6 Rxh4 48. Rxc6 Rxd4+ 49. Ke3 Re4+ 50. Bxe4 dxe4 51. b4 g2 52. Kf2 e3+ 53. Kxg2 Nf4+ 54. Kf3 e2 55. Kf2 Ne6 56. Rxe6 Kxe6 57. Kxe2 1-0

[Event "*** Titled Tuesday Blitz"]
[Site "Chess.com"]
[Date "2021.04.06"]
[Round "7"]
[White "tteshan"]
[Black "dhaessel"]
[Result "1/2-1/2"]
[WhiteElo "2308"]
[BlackElo "2088"]
[TimeControl "180+1"]
[EndTime "11:19:26 PDT"]
[Termination "Game drawn - insufficient material"]

1. d4 Nf6 2. c4 g6 3. Nc3 d5 4. Qb3 dxc4 5. Qxc4 Bg7 6. Nf3 O-O 7. e4 Nc6 8. Be2 Bg4 9. Be3 Bxf3 10. Bxf3 e5 11. d5 Nd4 12. Bxd4 exd4 13. Ne2 Re8 14.
Qd3 c5 15. O-O Nd7 16. Qc2 Ne5 17. Qxc5 Nxf3+ 18. gxf3 Qf6 19. Qa3 Qh4 20. Rfd1 f5 21. Ng3 Be5 22. Rac1 fxe4 23. fxe4 Bxg3 24. Qxg3 Qxe4 25. d6 Rad8 26. Rc4 Re6 27. Rcxd4 Qe2 28. d7 Re7 29. R4d2 Qe6 30. Qc7 Qb6 31. Qxb6 axb6 32.
Rd6 b5 33. R6d5 Kf7 34. Rxb5 Rdxd7 35. Rxd7 Rxd7 36. a4 Ke6 37. b4 Kd6 38. Rb6+ Kc7 39. a5 Rd5 40. Kg2 Rd3 41. f3 Rd4 42. Kg3 Rd2 43.
h4 Rd4 44. f4 Rd1 45. Kg4 Rg1+ 46. Kf3 Rh1 47. Kg3 Rg1+ 48. Kf2 Rg4 49. h5 Rxf4+ 50. Ke3 Rg4 51. h6 Rh4 52. Rf6 Rxh6 53. b5 Rh5 54. a6 bxa6 55. bxa6 Kb8 56. Kf4 Ka7 57. Kg4 Ra5 58.
Rf7+ Kxa6 59. Rxh7 Rf5 60. Kg3 Rf6 61. Kg4 Kb6 62.
Kg5 Rc6 63. Rg7 Kc5 64. Rxg6 Rxg6+ 65. Kxg6 1/2-1/2

[Event "*** Titled Tuesday Blitz"]
[Site "Chess.com"]
[Date "2021.04.06"]
[Round "7"]
[White "eljanov"]
[Black "UCantHandleDenker"]
[Result "1-0"]
[WhiteElo "2858"]
[BlackElo "2598"]
[TimeControl "180+1"]
[EndTime "11:19:27 PDT"]
[Termination "eljanov won on time"]

1. d4 d6 2. Nf3 Nf6 3. c4 Nbd7 4. Nc3 e5 5. e4 Be7 6. Be2 O-O 7.
O-O c6 8. Qc2 a6 9. Rd1 Qc7 10.
h3 Re8 11. Be3 Bf8 12. b4 exd4 13. Bxd4 c5 14. Nd5 Nxd5 15. cxd5 b6 16. a4 Qd8 17.
bxc5 Nxc5 18. e5 Bb7 19. Bxc5 bxc5 20. Rab1 Ra7 21. e6 Qf6 22. Bc4 fxe6 23. dxe6 Be7 24. Rb3 Rf8 25. Qe2 Bc6 26. Rb6 Bxa4 27. Rdb1 Bb5 28.
Bxb5 axb5 29. R6xb5 Ra1 30. Rxa1 Qxa1+ 31. Kh2 Qf6 32. Qe4 h6 33. Rb7 Kh8 34. Rd7 Kg8 35.
h4 Kh8 36. h5 Kg8 37. Qg4 Kh8 38. Qe4 Kg8 39. Qg6 Kh8 40. Qxf6 Bxf6 41. Rxd6 Re8 42. Rc6 Be7 43. Ne5 Kg8 44. Ng6 Bf6 45. f4 Bd4 46. g4 Bf6 47. Kg3 Bd4 48. Kf3 Ra8 49. Ke4 Re8 50. Kf5 Rd8 51. e7 Re8 52. Ke6 Kh7 53.
Kf7 1-0

[Event "*** Titled Tuesday Blitz"]
[Site "Chess.com"]
[Date "2021.04.06"]
[Round "7"]
[White "TimofeevAr"]
[Black "vlad_Sid"]
[Result "0-1"]
[WhiteElo "2829"]
[BlackElo "2613"]
[TimeControl "180+1"]
[EndTime "11:19:27 PDT"]
[Termination "vlad_Sid won by resignation"]

1. c4 c5 2. Nf3 Nc6 3. Nc3 Nf6 4. d4 cxd4 5. Nxd4 e6 6. g3 Qb6 7. Nc2 Ne5 8. Ne3 Qc6 9. Bg2 Qb6 10. O-O Be7 11.
b3 O-O 12. Bb2 a6 13. Rc1 d6 14. Na4 Qc7 15. Qd4 Bd7 16. Qb6 Rac8 17. Qxc7 Rxc7 18.
Nb6 Ng6 19. Rfd1 Rb8 20. a4 Ne8 21. a5 Bc6 22. Ned5 exd5 23. cxd5 Bb5 24. Rxc7 Nxc7 25. Rc1 Ne8 26. e4 Bd8 27. f4 Nf6 28. e5 Nd7 29.
Nc4 Bxc4 30. bxc4 dxe5 31. fxe5 Ngxe5 32. Bd4 Bxa5 33. c5 Nd3 34. Ra1 Bb4 35. c6 bxc6 36.
dxc6 Bc5 37. Bxc5 N7xc5 38. Bh3 Ne6 39. Rxa6 Rc8 40. Bg2 Kf8 41. Kf1 Rc7 42. Ke2 Nb4 43. Ra8+ Ke7 44. Ke3 Nxc6 45. Bd5 Ne5 46. h3 h5 47. Ke4 Kf6 48. Ra1 Ng5+ 49. Kd4 Nc6+ 50. Ke3 Nxh3 51. Rh1 Ng5 52. Rxh5 Re7+ 53. Kf2 Ne5 54.
Rh4 Ng6 55. Ra4 Re5 56. Ra6+ Ne6 57. Bc4 Ne7 58. Ra8 Rc5 59. Bb3 Rc3 60. Ba2 Nf5 61. g4 Nfd4 62. Ra5 Rc5 63. Rxc5 Nxc5 64. g5+ Kg6 65.
Ke3 Nde6 66. Bb1+ Kxg5 0-1

[Event "*** Titled Tuesday Blitz"]
[Site "Chess.com"]
[Date "2021.04.06"]
[Round "7"]
[White "PushingpawnsNYC"]
[Black "Balla_Tamas"]
[Result "0-1"]
[WhiteElo "2318"]
[BlackElo "2558"]
[TimeControl "180+1"]
[EndTime "11:19:27 PDT"]
[Termination "Balla_Tamas won on time"]

1. e4 c5 2. Nc3 e6 3. f4 Nc6 4.
Bb5 Nge7 5. Nf3 a6 6. Bxc6 Nxc6 7. O-O Be7 8. d3 d5 9. Qe1 Nd4 10. Qf2 Nxf3+ 11. Qxf3 d4 12. Ne2 f5 13. c3 dxc3 14.
bxc3 O-O 15. Rb1 Rb8 16. d4 fxe4 17. Qxe4 Qd5 18. Qxd5 exd5 19. Be3 c4 20. Ng3 b5 21.
Rb2 Rb6 22. a4 b4 23. cxb4 Rxb4 24. Rfb1 Rxa4 25. Rb6 c3 26. Rc6 Rc4 27. Rxc4 dxc4 28. d5 a5 29. Bd4 Bb4 30. Be5 h5 31. Rc1 h4 32. Ne2 Bb7 33. d6 Rd8 34. Nxc3 Bxd6 35.
Rd1 Be7 36. Rxd8+ Bxd8 37. Kf2 Bc6 38. Ke3 Bxg2 39. Kd4 Bf1 40. Kc5 Kf7 41. Kb5 g6 42.
Ne4 c3+ 43. Ka4 c2 44. Bb2 Bc7 45. Ng5+ Kg8 46. Ne6 Bd6 47. Kb3 Kf7 48. Ng5+ Ke8 49. Kxc2 Bxf4 50. Nf3 h3 51. Be5 Bxe5 52. Nxe5 g5 53.
Nf3 g4 54. Ng5 g3 55. Nf3 gxh2 56. Nxh2 Bb5 57. Ng4 Kf7 58. Nh2 Kg6 59. Nf3 Kf5 60.
Nh2 Kf4 0-1

[Event "*** Titled Tuesday Blitz"]
[Site "Chess.com"]
[Date "2021.04.06"]
[Round "7"]
[White "GameOverBro"]
[Black "Didici"]
[Result "1/2-1/2"]
[WhiteElo "2530"]
[BlackElo "2650"]
[TimeControl "180+1"]
[EndTime "11:19:28 PDT"]
[Termination "Game drawn by repetition"]

1. e4 e5 2. Nf3 Nc6 3. Bb5 a6 4. Ba4 d6 5. d4 b5 6. Bb3 Nxd4 7. Nxd4 exd4 8. Bd5 Rb8 9. Qxd4 Ne7 10. a4 c5 11. Qd3 Nxd5 12. exd5 Be7 13. axb5 axb5 14.
O-O O-O 15. Nc3 b4 16. Ne4 Bf5 17. Nf6+ Bxf6 18. Qxf5 Re8 19. Ra6 Rb6 20. Rxb6 Qxb6 21. b3 Be5 22. g3 g6 23. Qd7 Qd8 24. Qb5 Qa8 25. Qd3 h5 26. h4 Qc8 27. Kg2 Qg4 28. Re1 Ra8 29. Be3 Ra2 30. Bxc5 Bxg3 31. Re8+ Kh7 32. Qxg3 Qd7 33. Re2 dxc5 34. Qe5 Qg4+ 35. Kh2 Qxh4+ 36. Kg2 Qg4+ 37. Kh2 Ra1 38. Re1 Rxe1 39.
Qxe1 Qh4+ 40. Kg2 Qg5+ 41. Kh2 Qxd5 42. Qe3 Qd4 43. Qf3 Kg7 44. Kg1 h4 45. Qe2 g5 46.
Qh5 Qf4 47. Qe2 h3 48. Kh1 g4 49. Kg1 Kh6 50. Kh1 Kh5 51. Kg1 Kh4 52. Qe7+ Qg5 53. Qxf7 g3 54. Qh7+ Kg4 55. Qd7+ Qf5 56. Qxf5+ Kxf5 57. fxg3 Kg5 58. Kh1 Kf5 59. Kg1 Kg5 60. Kh1 Kh5 61.
Kg1 Kg5 1/2-1/2

[Event "*** Titled Tuesday Blitz"]
[Site "Chess.com"]
[Date "2021.04.06"]
[Round "7"]
[White "YoreDea"]
[Black "Bodnar_Mykola"]
[Result "0-1"]
[WhiteElo "2623"]
[BlackElo "2519"]
[TimeControl "180+1"]
[EndTime "11:19:28 PDT"]
[Termination "Bodnar_Mykola won by resignation"]

1. e4 e5 2. Nf3 Nc6 3. d4 exd4 4. Bc4 Nf6 5. e5 d5 6. Bb5 Ne4 7. Nxd4 Bd7 8. Bxc6 bxc6 9. O-O Bc5 10. f3 Ng5 11. f4 Ne4 12. Be3 Bb6 13. Nd2 c5 14. N4f3 Nxd2 15.
Qxd2 d4 16. Bf2 Bc6 17. Bh4 Qd5 18. b3 c4 19. Rad1 c3 20. Qd3 Bb5 21. Qf5 d3+ 22.
Kh1 d2 23. Rxd2 cxd2 24. Rd1 Be3 25. c4 Qe6 26. Qe4 Bc6 27. Qxe3 O-O 28. Rxd2 Qf5 29. h3 f6 30. exf6 gxf6 31. Nd4 Qe4 32. Qg3+ Kh8 33. Qg4 f5 34. Qd1 Bb7 35. Re2 Qxf4 36. Ne6 Qxh4 37.
Nxf8 Rxf8 38. Kg1 Qf6 39. Qd2 Rg8 40. Qf4 h6 41. Kh2 Qg5 42. Qxg5 hxg5 43. g3 Rg7 44. Re8+ Kh7 45. Re5 Be4 46. Ra5 c6 47. Kg1 Rd7 48.
Kf2 Kg6 49. Ke3 Rd3+ 50. Kf2 Rf3+ 51. Ke2 Rxg3 52. Rxa7 Rxh3 53. a4 Rxb3 54. a5 Bd3+ 55. Kd2 Bxc4 56. Rc7 Bb5 57. a6 Bxa6 58. Rxc6+ Kh5 59. Rxa6 g4 60. Ke2 Kg5 61. Kf2 g3+ 62.
Kg2 f4 63. Ra8 Rb2+ 64. Kf3 Rf2+ 65. Ke4 Kg4 66. Rg8+ Kh3 0-1

[Event "*** Titled Tuesday Blitz"]
[Site "Chess.com"]
[Date "2021.04.06"]
[Round "7"]
[White "HackingKid98"]
[Black "Kretov_Evgenij"]
[Result "1/2-1/2"]
[WhiteElo "2493"]
[BlackElo "2612"]
[TimeControl "180+1"]
[EndTime "11:19:28 PDT"]
[Termination "Game drawn by repetition"]

1. d4 Nf6 2. c4 c5 3. Nf3 cxd4 4. Nxd4 Nc6 5. Nc3 g6 6. g3 d6 7. Bg2 Bd7 8. Nb3 Bg7 9. c5 dxc5 10. Nxc5 Bc8 11. Qxd8+ Nxd8 12. O-O Nd7 13. Be3 Nxc5 14. Bxc5 Ne6 15. Ba3 Rb8 16. Nd5 Nd4 17. Bxe7 Nxe2+ 18. Kh1 Be6 19. Ba3 Kd7 20. Rad1 Nd4 21. Bc5 Nc6 22. Nb4+ Kc8 23. Rd2 Rd8 24. Rfd1 Rxd2 25. Rxd2 Nxb4 26. Bxb4 Bxa2 27. Bd6 Ra8 28. Rc2+ Kd7 29. Bxb7 Rd8 30. Bc7 Rf8 31. Bf4 Bf6 32. Rd2+ Ke6 33. Rd6+ Ke7 34. Ra6 Be6 35. Bd6+ Ke8 36. Bxf8 Kxf8 37.
Rxa7 Bxb2 38. Ra8+ Ke7 39. Kg2 h5 40. Bf3 Be5 41. h4 Bd4 42. Rb8 Bc5 43. Rb7+ Kd6 44.
Rb8 Kc7 45. Rb1 Kd6 46. Rd1+ Ke5 47. Re1+ Kf6 48. Rd1 Ke5 49. Rd2 Bd4 50. Re2+ Kf6 51. Rc2 Ke5 52. Rc6 Ba7 53. Ra6 Bd4 54. Ra5+ Kf6 55.
Bd5 Bf5 56. Ra6+ Ke7 57. Ra4 Bc5 58. Ra5 Bd4 59. Rb5 Kf6 60. Rb7 Ke5 61. Bxf7 Be4+ 62. f3 Bxb7 63. Bxg6 Be3 64. Bxh5 Bc6 65. Bg4 Kf6 66.
Kh3 Bd4 67. Kg2 Be3 68. Kh3 Bd4 69. Kg2 Be3 1/2-1/2

[Event "*** Titled Tuesday Blitz"]
[Site "Chess.com"]
[Date "2021.04.06"]
[Round "7"]
[White "Loy_Konstantin"]
[Black "j2806"]
[Result "1-0"]
[WhiteElo "2347"]
[BlackElo "2155"]
[TimeControl "180+1"]
[EndTime "11:19:28 PDT"]
[Termination "Loy_Konstantin won on time"]

1. e4 c5 2. Nf3 d6 3. d4 cxd4 4. Qxd4 Nc6 5. Bb5 Bd7 6. Bxc6 Bxc6 7. Nc3 Nf6 8. Bg5 e5 9. Qd3 Be7 10. Bxf6 Bxf6 11. O-O O-O 12. Nd5 Bxd5 13. Qxd5 Qc7 14. c4 Rac8 15. b3 Rfd8 16. Rfd1 Qc6 17. a4 Qxd5 18.
Rxd5 Kf8 19. Rad1 Ke7 20. Nd2 Bg5 21. Nb1 Rc5 22. Nc3 Ke6 23. Nb5 a6 24. Nc3 Rxd5 25. Nxd5 Rc8 26. g3 Bd8 27. Kg2 Rc5 28. Ra1 f5 29. f3 fxe4 30. fxe4 Bf6 31. Kf3 Rc8 32.
Ke2 h5 33. Rf1 Rh8 34. h3 Rh6 35. Rf3 Rg6 36. b4 Rh6 37. b5 Rh8 38. bxa6 bxa6 39. Rb3 Rc8 40. Kd3 Rc6 41. Rb7 g5 42. g4 hxg4 43. hxg4 Rc8 44. Nc7+ Kd7 45. Nxa6+ Kc6 46. Rb8 Rxb8 47. Nxb8+ Kc7 48. Na6+ Kb6 49. Nb4 Ka5 50. Nd5 Bd8 51. c5 dxc5 52. Kc4 Kxa4 53. Kxc5 Kb3 54.
Kd6 Kc4 55. Kxe5 Kd3 56. Kf5 Kd4 57. Nf6 1-0

[Event "*** Titled Tuesday Blitz"]
[Site "Chess.com"]
[Date "2021.04.06"]
[Round "7"]
[White "Sanan_Sjugirov"]
[Black "Leonid_Starozhilov"]
[Result "1-0"]
[WhiteElo "2873"]
[BlackElo "2725"]
[TimeControl "180+1"]
[EndTime "11:19:30 PDT"]
[Termination "Sanan_Sjugirov won by resignation"]

1. e4 d6 2. d4 Nf6 3. Nc3 e5 4. Nf3 exd4 5. Qxd4 Nc6 6. Bb5 Bd7 7. Bxc6 Bxc6 8.
Bg5 Be7 9. O-O-O O-O 10. Rhe1 Nd7 11. h4 h6 12. Bxe7 Qxe7 13. Nd5 Bxd5 14. Qxd5 Ne5 15. Nxe5 dxe5 16. Qxb7 Qxh4 17. g3 Qf6 18. Rd2 Qb6 19. Qd5 Rfd8 20. Qxd8+ Rxd8 21. Rxd8+ Kh7 22. Rd2 h5 23.
Rh1 Kg6 24. a3 f6 25. Re1 Qb5 26. Rd3 Qc4 27. Kb1 Qc5 28. Re2 Kg5 29. Rc3 Qb6 30. b3 Kg4 31. Rd3 g5 32. Rd7 Qb5 33. Red2 Qf1+ 34.
Kb2 Qe1 35. R7d3 h4 36. gxh4 gxh4 37. f3+ Kh5 38. Rh2 Qg3 39. Rh1 Qg2 40. Rhd1 Kg5 41.
Rd8 Kf4 42. Rh8 h3 43. Rd7 Kxf3 44. Rdh7 Kxe4 45. Rxh3 Kd5 46. Rc3 Ke6 47. Rxc7 a5 48.
Re8+ Kf5 49. Rf8 Qf2 50. Rc6 Qd4+ 51. Ka2 Qe4 52. Rcxf6+ Kg4 53. Rf2 Qd5 54. Rg8+ Qxg8 55. Rg2+ 1-0

[Event "*** Titled Tuesday Blitz"]
[Site "Chess.com"]
[Date "2021.04.06"]
[Round "7"]
[White "GM_LOADING"]
[Black "Zhigalko_Sergei"]
[Result "1/2-1/2"]
[WhiteElo "2546"]
[BlackElo "2887"]
[TimeControl "180+1"]
[EndTime "11:19:31 PDT"]
[Termination "Game drawn by repetition"]

1. e4 c5 2. Nf3 Nc6 3. d4 cxd4 4.
Nxd4 Nf6 5. Nc3 e5 6. Ndb5 d6 7. Bg5 a6 8. Na3 b5 9. Bxf6 gxf6 10. Nd5 Bg7 11. c3 f5 12. exf5 Bxf5 13. Nc2 Be6 14. g3 O-O 15. Bg2 a5 16. O-O Rb8 17. a3 Kh8 18.
Re1 Qd7 19. Qd2 f5 20. f4 e4 21. Rad1 Rfd8 22. Qe2 Ne7 23. Nce3 Nxd5 24. Nxd5 Qb7 25. Qd2 b4 26. axb4 axb4 27. Nxb4 d5 28. Nc2 Qxb2 29.
Nd4 Qb6 30. Kh1 Bd7 31. Bh3 Qg6 32. Rb1 Rbc8 33. Rb7 Qh5 34. Rxd7 Qxh3 35. Rxd8+ Rxd8 36. Ne6 Rd7 37. Nxg7 Kxg7 38. Qd4+ Kf7 39. c4 Qh5 40.
cxd5 Qf3+ 41. Kg1 Qd3 42. Qxd3 exd3 43. Rd1 Rxd5 44. Kf2 Ra5 45. Ke3 Ra2 46. Rd2 Ra1 47. Kxd3 Ra3+ 48. Kd4 Ke6 49. Re2+ Kf6 50. Re8 Ra2 51.
Rf8+ Ke6 52. Re8+ Kf6 53. Rf8+ Ke6 54. Re8+ Kf6 1/2-1/2

[Event "*** Titled Tuesday Blitz"]
[Site "Chess.com"]
[Date "2021.04.06"]
[Round "7"]
[White "Sergey85Rodchenkov"]
[Black "vinniethepooh"]
[Result "0-1"]
[WhiteElo "2529"]
[BlackElo "2724"]
[TimeControl "180+1"]
[EndTime "11:19:33 PDT"]
[Termination "vinniethepooh won by checkmate"]

1. e4 c5 2. Nf3 d6 3. d4 cxd4 4. Nxd4 Nf6 5. Nc3 a6 6. Bc4 e6 7. Bb3 Nbd7 8. f4 Nc5 9. f5 e5 10. Nde2 h6 11. Ng3 b5 12. Be3 Bb7 13. O-O Be7 14. Nh5 Nxh5 15. Qxh5 Nxb3 16. axb3 b4 17. Nd5 Bxd5 18. exd5 Bg5 19. Bf2 Qc8 20. h4 Bf6 21. g4 Ke7 22. Rfc1 Qe8 23. g5 hxg5 24. Qg4 gxh4 25. Qxb4 Qb5 26. Qd2 Rh5 27. c4 Qxb3 28. Ra3 Qb7 29. c5 dxc5 30. Bxc5+ Kd7 31. Rac3 Rc8 32.
b4 Rg5+ 33. Kh2 h3 34. Rxh3 Rg4 35. Rd1 Bg5 36. Qe2 Bf4+ 37. Kh1 Rg5 38. Rh5 Qb5 39. Qf3 Qc4 40. Rxg5 Bxg5 41. d6 Rh8+ 42. Kg1 e4 43. Qg4 f6 44. Qg2 Rh4 45. Bf2 Rf4 46. Be3 Rxf5 47.
Bf2 Rd5 48. Qg4+ Kxd6 49. Bg3+ Ke7 50. Re1 Qd4+ 51. Kh1 Qd3 52. Rxe4+ Kf7 53. Qe6+ Kg6 54. Rg4 Qd1+ 55. Kh2 Rd2+ 56. Kh3 Qh1+ 57. Bh2 Qxh2# 0-1

[Event "*** Titled Tuesday Blitz"]
[Site "Chess.com"]
[Date "2021.04.06"]
[Round "7"]
[White "MartinHollan"]
[Black "Kiborg95"]
[Result "0-1"]
[WhiteElo "2574"]
[BlackElo "2804"]
[TimeControl "180+1"]
[EndTime "11:19:34 PDT"]
[Termination "Kiborg95 won by resignation"]

1. d4 d6 2. Nf3 Nf6 3. c4 Nbd7 4. Nc3 e5 5. e4 g6 6. Be2 Bg7 7. O-O O-O 8. Re1 a5 9. Bf1 b6 10. Bg5 h6 11. Bh4 exd4 12. Nxd4 Bb7 13. Nd5 Re8 14. f3 c6 15. Ne3 Ne5 16. f4 Ned7 17. Nef5 Bf8 18.
Ng3 Nc5 19. e5 dxe5 20. Rxe5 Bg7 21. Nf3 Qc7 22. Rxe8+ Rxe8 23. Ne5 Nh7 24. Ne2 g5 25. Bf2 Ne4 26. Bd4 c5 27. Bc3 Nxc3 28. Nxc3 Bxe5 29.
fxe5 Rxe5 30. Qd2 Nf6 31. Rd1 Kg7 32. Nb5 Qe7 33. Nd6 Ne4 34. Nxe4 Rxe4 35. Qc3+ Qf6 36. Rd6 Qxc3 37. bxc3 Re6 38. Rd7 Be4 39. Kf2 Bf5 40. Rb7 Rf6 41. Ke1 Be4 42. Rb8 Re6 43. Kf2 f5 44. g3 f4 45. gxf4 gxf4 46. Bh3 Rd6 47.
Ke1 Kf6 48. Rh8 Kg5 49. Rg8+ Bg6 50. Bg2 Re6+ 51. Kf2 Kf6 52. Bd5 Re8 53. Rxe8 Bxe8 54. Kf3 Ke5 55. Kg4 Bg6 56. h4 Be4 57. Bf7 Bf5+ 58. Kh5 f3 59. Bd5 Be4 60. Bxe4 Kxe4 0-1

[Event "*** Titled Tuesday Blitz"]
[Site "Chess.com"]
[Date "2021.04.06"]
[Round "7"]
[White "Ajedrez_con_German"]
[Black "paulrusan"]
[Result "1-0"]
[WhiteElo "2468"]
[BlackElo "2279"]
[TimeControl "180+1"]
[EndTime "11:19:37 PDT"]
[Termination "Ajedrez_con_German won by checkmate"]

1. d4 Nf6 2. Bf4 c5 3. c3 e6 4. e3 Qb6 5. Qb3 d5 6. Nd2 Nc6 7. Ngf3 Bd7 8. h3 c4 9. Qc2 Be7 10. Be2 O-O 11. O-O a5 12. Ne5 Be8 13. Bf3 Nxe5 14. Bxe5 Nd7 15. Bg3 f5 16. b3 Rc8 17.
bxc4 dxc4 18. Rab1 Qd8 19. Bxb7 Nf6 20. Bxc8 Qxc8 21.
Bh4 Bc6 22. Rb6 Bd8 23. Rxc6 Qxc6 24. Bxf6 Bxf6 25. Rb1 g6 26. Qb2 e5 27. Qb5 Rc8 28. dxe5 Be7 29. Nf3 Qe4 30. Rd1 f4 31. Qd7 Rd8 32.
Qe6+ Kf8 33. Rxd8+ Bxd8 34. exf4 Qxf4 35. Qd6+ Be7 36.
Qd4 Qxd4 37. Nxd4 Ba3 38. Kf1 Bb2 39. Nb5 a4 40. Ke2 Ke7 41. Ke3 Ke6 42. Kd4 a3 43. Kxc4 Kxe5 44. Kb3 Ke4 45. Nxa3 Bc1 46. Nc4 Kd3 47.
a4 Ke2 48. a5 Bf4 49. a6 Bb8 50. Ne5 Bxe5 51. a7 Kxf2 52. a8=Q h5 53. Qf3+ Kg1 54.
g4 h4 55. g5 Bg3 56. c4 Kh2 57. Qg4 Kg2 58. c5 Kh1 59. c6 Kh2 60. Kc4 Kh1 61.
Kd3 Kh2 62. Ke2 Kh1 63. Kf1 Kh2 64. c7 Bxc7 65. Qg2# 1-0

[Event "*** Titled Tuesday Blitz"]
[Site "Chess.com"]
[Date "2021.04.06"]
[Round "7"]
[White "iamnotIM"]
[Black "731291"]
[Result "1-0"]
[WhiteElo "2578"]
[BlackElo "2663"]
[TimeControl "180+1"]
[EndTime "11:19:38 PDT"]
[Termination "iamnotIM won by resignation"]

1. e4 c5 2. Nf3 e6 3. g3 Nc6 4.
Bg2 Nf6 5. d3 d5 6. Nbd2 Be7 7.
O-O b6 8. Re1 Bb7 9. a3 Qc7 10.
exd5 Nxd5 11. Ne4 O-O 12. h4 h6 13. Bd2 Rad8 14. Qc1 Nd4 15. Bxh6 gxh6 16. Qxh6 Nf5 17. Qh5 Nf6 18. Qg5+ Ng7 19. Nxf6+ Bxf6 20. Qxf6 Bxf3 21.
Bxf3 Rd4 22. Re5 Qd8 23. Qh6 f6 24. Re4 Rxe4 25. Bxe4 f5 26. Bf3 Qd4 27. Rb1 a5 28.
Qe3 Qf6 29. c3 f4 30. Qxf4 Qxf4 31. gxf4 Rxf4 32. Be4 Rxh4 33. b4 axb4 34. axb4 Rh5 35. bxc5 bxc5 36. Rb8+ Kf7 37. c4 Kf6 38. Kf1 Rg5 39.
Ke2 Nh5 40. Ke3 Rg1 41. Rh8 Ng7 42. Rf8+ Ke7 43. Rg8 Kf7 44. Rc8 Rg5 45. f4 Rh5 46. Kf3 Nf5 47. Bxf5 Rxf5 48. Ke4 Ke7 49. Rg8 Kd6 50. Rg5 Rf7 51. Rg6 Rf5 52. Rh6 Rf7 53.
Rh8 Rg7 54. Ra8 Rf7 55. Ra6+ Ke7 56. Ra7+ Kf6 57. Rxf7+ Kxf7 58. d4 cxd4 59. Kxd4 Ke7 60. Ke5 Kd7 61. c5 Ke7 62. c6 Kf7 63. c7 1-0

[Event "*** Titled Tuesday Blitz"]
[Site "Chess.com"]
[Date "2021.04.06"]
[Round "7"]
[White "KNCP_719"]
[Black "xozr"]
[Result "1-0"]
[WhiteElo "2579"]
[BlackElo "2372"]
[TimeControl "180+1"]
[EndTime "11:19:38 PDT"]
[Termination "KNCP_719 won by resignation"]

1. e4 c5 2. Nf3 Nc6 3. Bb5 Nd4 4. Nxd4 cxd4 5. c3 a6 6. Bc4 dxc3 7. bxc3 e6 8. d4 d5 9. exd5 exd5 10. Bd3 Nf6 11. O-O Be7 12. Bg5 O-O 13. Nd2 h6 14. Bh4 Be6 15. Re1 Rc8 16. Qf3 Qa5 17. Rec1 Kh8 18. Nb3 Qa3 19. Bc2 Ng8 20. Qd3 g6 21. Bxe7 Nxe7 22.
Qe3 Nf5 23. Bxf5 Bxf5 24. Qxh6+ Kg8 25. h4 Qb2 26. Qe3 Rfe8 27. Qg3 Re4 28. Nc5 Rg4 29.
Qf3 b6 30. Nd3 Rxc3 31. Qxg4 Rxd3 32. Qf4 Rxd4 33. Qb8+ Kg7 34. Qe5+ Kh7 35. Re1 Qb4 36. h5 Rh4 37. hxg6+ Bxg6 38. Rad1 Rh5 39. Qd4 Qd6 40. f4 Qd7 41. Re5 Rh4 42. Qxd5 Qg4 43.
Qf3 Qc8 44. Rde1 Qc4 45. f5 Bh5 46. Qf2 Qb4 47. f6 Rf4 48. Qg3 Rxf6 49. Qh3 Qd4+ 50. Kh1 Rf1+ 51. Rxf1 Qxe5 52. Qf5+ Qxf5 53. Rxf5 Bg6 54.
Rd5 Bb1 55. a3 Ba2 56. Rd6 a5 57. Rxb6 a4 58. Kh2 Kg7 59. Kg3 f6 60. Kf4 Kg6 61. g4 Bb3 62. g5 Kf7 63. Rxf6+ Kg7 64. Rb6 Kf7 65. g6+ Kg7 66. Kg5 Kf8 67. Kf6 Bf7 68. Rb8+ Be8 69. g7+ 1-0